[Event "Early-Titled-Tuesday-Blitz-March-19-2024"]
[Site "Chess.com"]
[Date "2024.03.19"]
[Round "11"]
[White "Manukyan_Artak"]
[Black "ajedrezsinlimites"]
[Result "0-1"]
[WhiteElo "2483"]
[BlackElo "2611"]
[TimeControl "180+1"]
[EndTime "10:04:38 PDT"]
[Termination "ajedrezsinlimites won by resignation"]

1. e4 c6 2. d4 d5 3. e5 Bf5 4. c4 e6 5. Nc3 Ne7 6. Nf3 h6 7. Qb3 Qb6 8. c5 Qc7 9. Be3 Nd7 10. Be2 g5 11. O-O Bg7 12. Rfc1 f6 13. exf6 Bxf6 14. Qd1 O-O 15. h3 Rae8 16. Bd3 Bg7 17.
b4 e5 18. dxe5 Nxe5 19. Nxe5 Qxe5 20. Ne2 Bxd3 21. Qxd3 Qxa1 22. Rxa1 Bxa1 23. Bd4 Bxd4 24. Nxd4 Rf6 25. b5 Ng6 26. bxc6 bxc6 27. g3 Re4 28. f3 Ne5 29. Qa6 Rxd4 30. Qc8+ Kg7 31. Qc7+ Nf7 32. h4 Rxf3 33. hxg5 hxg5 34. Kg2 g4 35. Qxc6 Rd2+ 36. Kg1 Rc3 0-1

[Event "Early-Titled-Tuesday-Blitz-March-19-2024"]
[Site "Chess.com"]
[Date "2024.03.19"]
[Round "11"]
[White "scarabee43"]
[Black "BilodeauA"]
[Result "0-1"]
[WhiteElo "2860"]
[BlackElo "3062"]
[TimeControl "180+1"]
[EndTime "10:04:44 PDT"]
[Termination "BilodeauA won by checkmate"]

1. d4 d5 2. c4 dxc4 3. Nf3 a6 4. e3 Bg4 5. Bxc4 e6 6. O-O Nf6 7. h3 Bh5 8. Nc3 Nc6 9. Be2 Bd6 10. a3 O-O 11. b4 Nd5 12. Ne4 f5 13. Nxd6 cxd6 14.
Qb3 Kh8 15. Bb2 Nce7 16. Rac1 Ng8 17. Rc2 Ngf6 18. Rfc1 Ne4 19. Ne1 Bxe2 20. Rxe2 Qh4 21. Nd3 h6 22. a4 Kh7 23. b5 a5 24. Rec2 Rf6 25. Ba3 Rg6 26. Kh2 Rc8 27. Rxc8 Nxe3 28.
Rg1 Ng4+ 29. Kh1 Qg3 30. Bxd6 Qh2+ 31. Bxh2 Ngxf2+ 32. Nxf2 Nxf2# 0-1

[Event "Early-Titled-Tuesday-Blitz-March-19-2024"]
[Site "Chess.com"]
[Date "2024.03.19"]
[Round "11"]
[White "MatyChess1"]
[Black "ImportedItalianMaple"]
[Result "1-0"]
[WhiteElo "2645"]
[BlackElo "2529"]
[TimeControl "180+1"]
[EndTime "10:04:48 PDT"]
[Termination "MatyChess1 won by resignation"]

1. d4 g6 2. Bf4 Bg7 3. e3 d6 4.
Nf3 Nd7 5. h3 e5 6. Bh2 Qe7 7. Bc4 e4 8. Nfd2 c6 9. O-O d5 10. Be2 f5 11. c4 Ngf6 12. Nc3 Nb6 13. c5 Nbd7 14. Bd6 Qe6 15. b4 g5 16. a4 Nf8 17. b5 Ng6 18. a5 f4 19. a6 f3 20.
axb7 Bxb7 21. bxc6 fxe2 22. cxb7 exf1=Q+ 23. Qxf1 Rd8 24. Rxa7 g4 25. Qb5+ Nd7 26. hxg4 Nh4 27.
Bg3 Qxg4 28. c6 Nf5 29. cxd7+ Ke7 30. Qc5+ Kf7 31. Qxd5+ Kg6 32. Qe6+ Bf6 33. Ndxe4 Rhf8 34. b8=Q Rxb8 35. Bxb8 1-0

[Event "Early-Titled-Tuesday-Blitz-March-19-2024"]
[Site "Chess.com"]
[Date "2024.03.19"]
[Round "11"]
[White "DavidGavrilescu18"]
[Black "Muracle"]
[Result "0-1"]
[WhiteElo "2758"]
[BlackElo "2584"]
[TimeControl "180+1"]
[EndTime "10:04:50 PDT"]
[Termination "Muracle won by checkmate"]

1. e4 c6 2. d4 d5 3. Nc3 dxe4 4. Nxe4 Nf6 5. Ng5 h6 6. Nxf7 Kxf7 7. Nf3 Bf5 8. Ne5+ Kg8 9. Bc4+ Nd5 10. Qh5 e6 11.
Qf7+ Kh7 12. g4 Bxc2 13. Kd2 Be4 14. f3 Bb4+ 15. Kd1 Rf8 16. Qh5 Nf6 17. Qh3 Qxd4+ 18.
Ke2 Qxe5 19. Be3 Qxb2+ 20. Kf1 Nxg4 21. Qxg4 Bxf3 22. Bd3+ Be4+ 23. Kg1 Bxd3 24. Rd1 Qe2 25. Qxe2 Bxe2 26. Rb1 Na6 27. h4 Bc5 28. Rh3 Rf3 29.
Rxf3 Bxf3 30. Kf2 Bxe3+ 31. Kxe3 Bd5 32. Rxb7 Nc5 33. Rc7 Ne4 34. h5 Nf6 35. Kd4 Nxh5 36. a4 a5 37. Kc5 Nf6 38. Kd6 Ne8+ 39. Kd7 Nxc7 40. Kxc7 Rf8 41. Kb7 Rf4 42. Kb6 Rxa4 43. Kc5 Rf4 44. Kd6 Rf5 45. Kc5 Rf6 46. Kd6 Kg6 47.
Kc7 Kg5 48. Kb6 h5 49. Kc5 g6 50. Kd6 h4 51. Ke7 Kg4 52. Kd6 g5 53. Kc7 Rf5 54. Kb6 Rf4 55. Kc5 Rf3 56. Kd6 Kg3 57. Ke7 g4 58. Kd6 h3 59. Kc7 Kg2 60. Kb6 g3 61. Kc5 Rf2 62. Kd6 h2 63. Kc7 Kg1 64. Kb6 g2 65. Kc7 a4 66. Kd6 a3 67. Kc5 a2 68.
Kd6 e5 69. Kc7 e4 70. Kb6 e3 71. Kc5 e2 72. Kd6 Rf4 73. Kc7 Ra4 74. Kb6 Bf3 75. Kc5 Kf2 76. Kd6 Rc4 77. Kc7 c5 78. Kb6 Rc2 79. Kc7 c4 80. Kd6 c3 81. Kc5 Rb2 82. Kd6 Rb5 83. Kc7 Rd5 84. Kb6 c2 85. Kc7 h1=Q 86. Kb6 g1=Q 87. Kc6 e1=Q 88. Kb6 c1=Q 89.
Kb7 a1=Q 90. Kb6 Qhh8 91. Kb7 Qae5 92. Kb6 Qcc8 93. Ka7 Be4 94. Kb6 Ke3 95. Ka7 Kd4 96. Kb6 Qgf2 97. Ka7 Qfe3 98. Kb6 Qeh2 99. Ka7 Qhg1 100.
Kb6 Qe1f2 101. Ka7 Bh1 102. Kb6 Kc3# 0-1

[Event "Early-Titled-Tuesday-Blitz-March-19-2024"]
[Site "Chess.com"]
[Date "2024.03.19"]
[Round "11"]
[White "Golubovsky"]
[Black "Kunalm64"]
[Result "0-1"]
[WhiteElo "2513"]
[BlackElo "2630"]
[TimeControl "180+1"]
[EndTime "10:04:51 PDT"]
[Termination "Kunalm64 won by resignation"]

1. c4 e5 2. Nc3 Bb4 3. g3 Nf6 4. Bg2 O-O 5. Nf3 Re8 6. O-O h6 7. d3 Bxc3 8. bxc3 c6 9. e4 d5 10. cxd5 cxd5 11. Qe2 dxe4 12. dxe4 Qc7 13. Bb2 b6 14.
Rfd1 Nbd7 15. Nh4 Nc5 16. Nf5 Bxf5 17. exf5 e4 18. c4 Qc6 19. Rd2 Nh7 20. Rad1 Ng5 21.
Qg4 Na4 22. Ba1 f6 23. h4 Nf7 24. Rd4 Nc5 25. Re1 Rad8 26. Rexe4 Nxe4 27. Bxe4 Rxd4 0-1

[Event "Early-Titled-Tuesday-Blitz-March-19-2024"]
[Site "Chess.com"]
[Date "2024.03.19"]
[Round "11"]
[White "LeRoidesChampions"]
[Black "RedFirePanda"]
[Result "1/2-1/2"]
[WhiteElo "2646"]
[BlackElo "2544"]
[TimeControl "180+1"]
[EndTime "10:04:57 PDT"]
[Termination "Game drawn by repetition"]

1. d4 Nf6 2. c4 e6 3. Nc3 d5 4.
cxd5 exd5 5. Bf4 c6 6. e3 Bf5 7. Bd3 Bg6 8. Nge2 Bd6 9. Bxd6 Qxd6 10. Nf4 Bxd3 11. Qxd3 O-O 12. O-O a5 13. a4 Na6 14.
b3 Nb4 15. Qe2 Rfe8 16. Nd3 Nxd3 17. Qxd3 Ne4 18. Nxe4 Rxe4 19. Rac1 Qb4 20. Rc3 Rae8 21. Rfc1 g6 22. Rc5 f5 23. Qc3 f4 24. Rxa5 Qxc3 25. Rxc3 fxe3 26. fxe3 Rxe3 27. Rxe3 Rxe3 28. b4 Rb3 29. b5 cxb5 30. Rxb5 Rxb5 31. axb5 Kf7 32. Kf2 Ke6 33. Ke3 b6 34. Kf4 Kf6 35. h4 h6 36. g3 g5+ 37. Kg4 Kg6 38. h5+ Kf6 39. Kf3 Kf5 40. g4+ Kf6 41. Ke3 Ke6 42. Kd3 Kf6 43.
Kd2 Ke6 44. Ke1 Kf6 45. Kf2 Ke6 46. Kf3 Kf6 47. Kg3 Ke6 48. Kh3 Kf6 49. Kh2 Ke6 50.
Kh1 Kf6 51. Kg2 Ke6 52. Kf3 Kf6 1/2-1/2

[Event "Early-Titled-Tuesday-Blitz-March-19-2024"]
[Site "Chess.com"]
[Date "2024.03.19"]
[Round "11"]
[White "bazar-wokzal"]
[Black "RoelandPruijssers"]
[Result "0-1"]
[WhiteElo "2566"]
[BlackElo "2722"]
[TimeControl "180+1"]
[EndTime "10:04:58 PDT"]
[Termination "RoelandPruijssers won by resignation"]

1. e4 Nf6 2. e5 Nd5 3. c4 Nb6 4. d4 d6 5. f4 dxe5 6. fxe5 Nc6 7. Be3 Bf5 8. Nc3 e6 9. Nf3 Bb4 10. Be2 Na5 11. O-O Naxc4 12. Bxc4 Nxc4 13. Qa4+ Qd7 14. Qxb4 Nxe3 15. d5 Nxf1 16. Rxf1 exd5 17. Qxb7 O-O 18.
Qxd5 Rfd8 19. Qc5 Rab8 20. b3 Rb6 21. Na4 Ra6 22. Rc1 h6 23. Qxc7 Qd3 24. Qc4 Qe3+ 25. Kh1 Rc8 26. Qxc8+ Bxc8 27. Rxc8+ Kh7 28. h3 Qe2 29.
Nc3 Qf2 30. Kh2 Rg6 0-1

[Event "Early-Titled-Tuesday-Blitz-March-19-2024"]
[Site "Chess.com"]
[Date "2024.03.19"]
[Round "11"]
[White "JimDiGrease"]
[Black "GeorgiosSouleidis"]
[Result "1-0"]
[WhiteElo "2966"]
[BlackElo "2682"]
[TimeControl "180+1"]
[EndTime "10:05:00 PDT"]
[Termination "JimDiGrease won by resignation"]

1. d4 Nf6 2. c4 g6 3. Nc3 Bg7 4. e4 d6 5. Nf3 O-O 6. Be2 e5 7. O-O Bg4 8. d5 a5 9. Be3 Na6 10.
Nd2 Bd7 11. a3 h5 12. f3 Nh7 13. Rb1 Nc5 14. b4 axb4 15. axb4 Na4 16. Qc2 Nxc3 17. Qxc3 f5 18. c5 Nf6 19. b5 fxe4 20. fxe4 Ng4 21.
Bxg4 Bxg4 22. h3 Rxf1+ 23. Rxf1 Be2 24. Rb1 h4 25. b6 dxc5 26. Qxc5 cxb6 27. Rxb6 Bf8 28.
Rxg6+ Kh7 29. Qb6 Ra3 30. Qxd8 1-0

[Event "Early-Titled-Tuesday-Blitz-March-19-2024"]
[Site "Chess.com"]
[Date "2024.03.19"]
[Round "11"]
[White "JaackCamel"]
[Black "alvarorodriguezavila"]
[Result "0-1"]
[WhiteElo "2209"]
[BlackElo "2334"]
[TimeControl "180+1"]
[EndTime "10:05:00 PDT"]
[Termination "alvarorodriguezavila won by resignation"]

1. d4 Nf6 2. c4 Nc6 3. d5 Ne5 4. e4 e6 5. a3 a5 6. f4 Ng6 7. Bd3 exd5 8. cxd5 Bc5 9. Nf3 O-O 10. Nc3 Re8 11.
e5 d6 12. Bxg6 hxg6 13. Kf1 dxe5 14. fxe5 Ng4 15. Ne4 Bb6 16. Bf4 Bf5 17. h3 Bxe4 18. hxg4 Bxd5 19. Rc1 Qd7 20. g3 Qb5+ 21. Kg2 Qxb2+ 22.
Rc2 Qb3 23. Rf2 Bxf2 24. Qxb3 Bxb3 25. Kxf2 Bd5 26. Ng5 Bxh1 0-1

[Event "Early-Titled-Tuesday-Blitz-March-19-2024"]
[Site "Chess.com"]
[Date "2024.03.19"]
[Round "11"]
[White "GelmanAlexander"]
[Black "amanjazu"]
[Result "1-0"]
[WhiteElo "2682"]
[BlackElo "2546"]
[TimeControl "180+1"]
[EndTime "10:05:03 PDT"]
[Termination "GelmanAlexander won on time"]

1. d4 Nf6 2. Nc3 d5 3. Bf4 g6 4. e3 Bg7 5. h4 O-O 6. h5 Nxh5 7. Rxh5 gxh5 8. Qxh5 c6 9. Nf3 Qe8 10.
Bd3 f5 11. Qh2 Nd7 12. O-O-O Nf6 13. Rh1 h6 14. Ne5 h5 15. f3 Nd7 16. Ne2 Nxe5 17. Bxe5 Bxe5 18. dxe5 e6 19. Nf4 Kf7 20. Qh4 Qd8 21.
Qxh5+ Ke7 22. Qg5+ Ke8 23. Qg6+ Kd7 24. Rh7+ 1-0

[Event "Early-Titled-Tuesday-Blitz-March-19-2024"]
[Site "Chess.com"]
[Date "2024.03.19"]
[Round "11"]
[White "Boxerandchessplayer"]
[Black "maurovargas01"]
[Result "1-0"]
[WhiteElo "2205"]
[BlackElo "1818"]
[TimeControl "180+1"]
[EndTime "10:05:05 PDT"]
[Termination "Boxerandchessplayer won by checkmate"]

1. d4 d5 2. c4 e6 3. Nc3 c6 4.
Nf3 dxc4 5. a4 Bb4 6. e4 b5 7. Be2 Bb7 8. O-O Bxc3 9. bxc3 Nf6 10. axb5 cxb5 11. e5 Nd5 12. Qc2 O-O 13. Ng5 g6 14.
Ne4 f5 15. exf6 Nxf6 16. Nxf6+ Qxf6 17. Ba3 Rf7 18. Bd6 Nd7 19. Bg4 e5 20. dxe5 Nxe5 21. Bxe5 Qxe5 22. Bh3 Be4 23. Qb2 a6 24. f3 Qc5+ 25.
Kh1 Bd3 26. Rfe1 Qd6 27. Be6 Kg7 28. Bxf7 Kxf7 29. Qf2 Qf6 30. Rac1 h6 31. Qc5 g5 32.
Qd5+ Kg6 33. Qxa8 g4 34. Qg8+ Kh5 35. Qxg4# 1-0

[Event "Early-Titled-Tuesday-Blitz-March-19-2024"]
[Site "Chess.com"]
[Date "2024.03.19"]
[Round "11"]
[White "GoltsevDmitry2000"]
[Black "alexrustemov"]
[Result "0-1"]
[WhiteElo "2759"]
[BlackElo "2882"]
[TimeControl "180+1"]
[EndTime "10:05:08 PDT"]
[Termination "alexrustemov won by resignation"]

1. e4 g6 2. h4 d5 3. e5 h5 4. d4 c5 5. c3 Nc6 6. Nf3 Bg4 7. Be2 Bxf3 8. Bxf3 cxd4 9. cxd4 e6 10.
Nc3 Bh6 11. Be3 Kf8 12. g3 Kg7 13. O-O Nge7 14. Ne2 Nf5 15. Bxh6+ Rxh6 16. Qd2 Rc8 17. Rac1 Rh8 18. Rfd1 Qa5 19. Qg5 Qd8 20. Qd2 Qe7 21.
a3 Rc7 22. b4 Rhc8 23. Rc3 Ncxd4 24. Rd3 Rc2 25. Rxd4 Rxd2 26. R4xd2 Rc4 27. Rd3 Qc7 28. Kg2 Qxe5 29. R1d2 Qc7 30. Ng1 Rc2 31. Ne2 Rxd2 32. Rxd2 Qc4 33. Rd1 Qb3 34. Rc1 Qxa3 35. Rc7 Qxb4 36.
Kg1 a5 37. Nf4 Nd4 38. Bg2 a4 39. Nd3 Qb6 40. Re7 Nc6 41. Rd7 Qb1+ 42. Bf1 a3 43. Nc5 a2 44. Nxe6+ Kf6 45. Ng5 a1=Q 46. Rxf7+ Ke5 47.
Nf3+ Kd6 48. Nh2 Ne5 49. Rf6+ Ke7 50. Rf4 Ng4 51. Kg2 Nxh2 0-1

[Event "Early-Titled-Tuesday-Blitz-March-19-2024"]
[Site "Chess.com"]
[Date "2024.03.19"]
[Round "11"]
[White "Kostukov_Alex"]
[Black "picturesquecheck"]
[Result "1-0"]
[WhiteElo "2269"]
[BlackElo "2416"]
[TimeControl "180+1"]
[EndTime "10:05:08 PDT"]
[Termination "Kostukov_Alex won by resignation"]

1. g3 d6 2. d4 g6 3. c4 Bg7 4.
Nc3 Nf6 5. Bg2 O-O 6. Nf3 Nc6 7.
O-O Bg4 8. d5 Bxf3 9. exf3 Na5 10. b3 c5 11. Bb2 a6 12. Qe2 Rb8 13. Rfe1 Re8 14. f4 Qd7 15. Qd2 b5 16. cxb5 axb5 17.
Ne4 Nxe4 18. Rxe4 Bxb2 19. Qxb2 c4 20. Rae1 Rbc8 21. Qc3 Qa7 22. b4 Nb7 23. Rxe7 Qa8 24.
Qf6 Rf8 25. h4 Rce8 26. h5 gxh5 27. Bh3 Rxe7 28. Rxe7 c3 29. Bf5 Qxa2 30. Qg5+ Kh8 31. Qxh5 Kg7 32. Qg5+ Kh8 33. Qh6 1-0

[Event "Early-Titled-Tuesday-Blitz-March-19-2024"]
[Site "Chess.com"]
[Date "2024.03.19"]
[Round "11"]
[White "Boundless_Strike"]
[Black "CSB7"]
[Result "0-1"]
[WhiteElo "2632"]
[BlackElo "2772"]
[TimeControl "180+1"]
[EndTime "10:05:14 PDT"]
[Termination "CSB7 won by resignation"]

1. d4 d5 2. e4 dxe4 3. Nc3 Nf6 4.
f3 exf3 5. Nxf3 Bf5 6. Ne5 c6 7. g4 Be4 8. Nxe4 Nxe4 9. Bc4 Nd6 10. Qf3 f6 11. O-O Nxc4 12. Nxc4 Qxd4+ 13. Ne3 Nd7 14. Rd1 Ne5 15. Qf2 Qe4 16. b4 e6 17. Bb2 Nxg4 18. Nxg4 Qxg4+ 19. Kh1 Qe4+ 20. Kg1 Bxb4 21. Rd4 Qg6+ 22. Kf1 Bc5 23. Re1 O-O 24. Rxe6 Bxd4 25. Bxd4 Rfe8 26. Qe2 Qf7 27. Re7 Rxe7 0-1

[Event "Early-Titled-Tuesday-Blitz-March-19-2024"]
[Site "Chess.com"]
[Date "2024.03.19"]
[Round "11"]
[White "kleber2007"]
[Black "fandebobbyfischer"]
[Result "1/2-1/2"]
[WhiteElo "2504"]
[BlackElo "2691"]
[TimeControl "180+1"]
[EndTime "10:05:17 PDT"]
[Termination "Game drawn by agreement"]

1. Nf3 Nf6 2. g3 g6 3. b3 Bg7 4. Bb2 O-O 5. Bg2 d6 6. d4 c6 7.
O-O a5 8. a4 Na6 9. Nbd2 Bf5 10. Re1 d5 11. Ne5 Nd7 12. Nxd7 Qxd7 13. e4 dxe4 14.
Nxe4 Rad8 15. Qd2 Bxd4 16. Bxd4 Qxd4 17. Qxa5 Rd5 18. Qc3 Bxe4 19. Qxd4 Rxd4 20. Bxe4 Rfd8 21. Bd3 e6 22. Bxa6 bxa6 23. Re5 Rd2 24. Rc5 R8d6 25.
b4 Kf8 26. c3 Rc2 27. Ra5 Rdd2 28. Rf1 Rxc3 29. Rxa6 Ra2 30. a5 h5 31. h4 Kg7 32. Rb6 Kf6 1/2-1/2

[Event "Early-Titled-Tuesday-Blitz-March-19-2024"]
[Site "Chess.com"]
[Date "2024.03.19"]
[Round "11"]
[White "BilicVladimir"]
[Black "talaicito"]
[Result "0-1"]
[WhiteElo "2657"]
[BlackElo "2338"]
[TimeControl "180+1"]
[EndTime "10:05:18 PDT"]
[Termination "talaicito won by checkmate"]

1. Nf3 f5 2. d4 Nf6 3. g3 e6 4.
Bg2 Be7 5. O-O O-O 6. c4 d6 7. Nc3 a5 8. b3 Ne4 9. Bb2 Bf6 10. e3 Nc6 11. Nd2 Nxc3 12. Bxc3 e5 13. dxe5 dxe5 14. Qc2 Nb4 15. Qb2 Nd3 16. Qb1 e4 17. Bxf6 Qxf6 18. Nxe4 fxe4 19. Bxe4 Ne5 20. Bxh7+ Kh8 21. Be4 Nf3+ 22. Kh1 Bh3 23. Rd1 Qh6 24. Bxf3 Rxf3 25. Rd2 Raf8 26. Qb2 Bf5 27. h4 Be4 28. Kg1 Qg6 29. Qe5 Qg4 30. Rd4 Rxf2 31. Qxe4 Qxg3+ 32. Kh1 Qh2# 0-1

[Event "Early-Titled-Tuesday-Blitz-March-19-2024"]
[Site "Chess.com"]
[Date "2024.03.19"]
[Round "11"]
[White "Korchmar_Vasiliy"]
[Black "Vse_po_kaify"]
[Result "1-0"]
[WhiteElo "2697"]
[BlackElo "2491"]
[TimeControl "180+1"]
[EndTime "10:05:20 PDT"]
[Termination "Korchmar_Vasiliy won by checkmate"]

1. a3 c5 2. e3 e5 3. d4 cxd4 4. exd4 e4 5. c4 Nf6 6. Nc3 d5 7. Bg5 Be7 8. Bxf6 Bxf6 9. Nxd5 Nc6 10. Ne2 O-O 11. b4 Be6 12. Nxf6+ Qxf6 13. b5 Na5 14.
Ng3 Nxc4 15. Nxe4 Qg6 16. Nc5 Rfe8 17. f3 Ne3 18. Qd3 Bf5 19. Ne4 Bxe4 20. fxe4 Rac8 21.
Kf2 Rxe4 22. Kg1 Rc2 23. g3 Nxf1 24. Qxc2 Nxg3 25. Qc8+ Re8 26. Qxe8# 1-0

[Event "Early-Titled-Tuesday-Blitz-March-19-2024"]
[Site "Chess.com"]
[Date "2024.03.19"]
[Round "11"]
[White "Mikhail_Golubev"]
[Black "UNSTOPPABLE_LEGEND"]
[Result "1-0"]
[WhiteElo "2731"]
[BlackElo "2526"]
[TimeControl "180+1"]
[EndTime "10:05:22 PDT"]
[Termination "Mikhail_Golubev won by resignation"]

1. e4 c6 2. Nf3 d5 3. Nc3 Nf6 4. e5 Ne4 5. Ne2 Qb6 6. d4 e6 7. Ng3 c5 8. Bd3 Nxg3 9. hxg3 Nc6 10. Ng5 c4 11. Qf3 Qc7 12. Nxh7 cxd3 13. Nf6+ gxf6 14.
Rxh8 Nxd4 15. Qxf6 Qe7 16. Bh6 Qxf6 17. exf6 Nxc2+ 18. Kd2 Nxa1 19. Rxf8+ Kd7 20. Rxf7+ Kc6 21. Rf8 b6 22. f7 e5 23. Rd8 1-0

[Event "Early-Titled-Tuesday-Blitz-March-19-2024"]
[Site "Chess.com"]
[Date "2024.03.19"]
[Round "11"]
[White "RantomOpening"]
[Black "yonaltimur"]
[Result "0-1"]
[WhiteElo "2590"]
[BlackElo "2409"]
[TimeControl "180+1"]
[EndTime "10:05:22 PDT"]
[Termination "yonaltimur won by resignation"]

1. c4 e5 2. Nc3 Nf6 3. Nf3 Nc6 4. e3 d5 5. cxd5 Nxd5 6. Bb5 Nxc3 7. bxc3 Bd6 8. d4 exd4 9. cxd4 O-O 10. O-O Bd7 11. Rb1 a6 12. Be2 b5 13. e4 f6 14. e5 fxe5 15.
dxe5 Be7 16. Qc2 Kh8 17. Rd1 Qe8 18. Bd3 Nb4 19. Rxb4 Bxb4 20. Bxh7 Be7 21. Bg6 Qc8 22. Qe4 Bf5 23. Qc6 Bxg6 24. Qxg6 Qf5 25. Qxf5 Rxf5 26. Rd7 Rd8 27. Rxd8+ Bxd8 28. Be3 Be7 29. Kf1 c5 30.
Ke2 c4 31. Bd4 Kg8 32. g4 Rf4 33. h3 Kf8 34. Ke3 g5 35. e6 Ke8 36. Ne5 Bf6 37.
Nc6 Bxd4+ 38. Nxd4 Ke7 39. h4 Rxd4 40. Kxd4 gxh4 41.
g5 h3 42. g6 Kf6 43. Kd5 h2 44. g7 h1=Q+ 45. Kd6 Kxg7 46. e7 Qd1+ 47. Kc7 Kf7 0-1

[Event "Early-Titled-Tuesday-Blitz-March-19-2024"]
[Site "Chess.com"]
[Date "2024.03.19"]
[Round "11"]
[White "bulletteemo"]
[Black "Zohid6"]
[Result "0-1"]
[WhiteElo "2630"]
[BlackElo "2871"]
[TimeControl "180+1"]
[EndTime "10:05:24 PDT"]
[Termination "Zohid6 won by checkmate"]

1. e4 e5 2. Nf3 Nf6 3. Nxe5 d6 4. Nf3 Nxe4 5. d4 d5 6. Bd3 Bd6 7. O-O O-O 8. c4 c6 9. cxd5 cxd5 10. Nc3 Nxc3 11.
bxc3 Nd7 12. Bg5 Nf6 13. Bc2 h6 14. Bh4 Bg4 15. Qd3 g6 16. Rab1 Bf5 17. Qd2 Bxc2 18.
Qxc2 b6 19. Rfe1 Rc8 20. Ne5 Kg7 21. f3 g5 22. Bg3 Re8 23. Qf5 Rxc3 24. h4 Qc8 25.
Qxc8 Rexc8 26. hxg5 hxg5 27. Bf2 Ng8 28. Ng4 f6 29.
Rbd1 Kf7 30. Kf1 Rc2 31. Ne3 Rxa2 32. Nxd5 Rcc2 33. Bg1 Rxg2 34. Rc1 Bh2 35. Be3 Bg3 36. Red1 Rh2 37. Nc3 Rh1+ 38. Bg1 Rf2+ 39. Ke1 Rxg1# 0-1

[Event "Early-Titled-Tuesday-Blitz-March-19-2024"]
[Site "Chess.com"]
[Date "2024.03.19"]
[Round "11"]
[White "JosefineHeinemann"]
[Black "Winner_7777"]
[Result "1-0"]
[WhiteElo "2511"]
[BlackElo "2608"]
[TimeControl "180+1"]
[EndTime "10:05:24 PDT"]
[Termination "JosefineHeinemann won on time"]

1. e4 c5 2. c3 d5 3. exd5 Qxd5 4. d4 g6 5. Nf3 Nf6 6. Nbd2 cxd4 7. Bc4 Qc5 8. Qb3 e6 9. Nxd4 Nc6 10. Nxc6 bxc6 11. O-O Bd6 12. Nf3 O-O 13. Be3 Qh5 14. h3 c5 15. Rad1 Rb8 16. Qc2 Bc7 17. Be2 Bb7 18. Ng5 Qh4 19. Nf3 Qe4 20. Qxe4 Nxe4 21. Rd7 Rbc8 22.
Rfd1 Bc6 23. Ba6 Bxd7 24. Rxd7 Nf6 25. Bxc8 Rxc8 26. Rd1 1-0

[Event "Early-Titled-Tuesday-Blitz-March-19-2024"]
[Site "Chess.com"]
[Date "2024.03.19"]
[Round "11"]
[White "Bauman_Guy"]
[Black "ActorXu"]
[Result "0-1"]
[WhiteElo "2918"]
[BlackElo "2848"]
[TimeControl "180+1"]
[EndTime "10:05:27 PDT"]
[Termination "ActorXu won by resignation"]

1. e4 c5 2. Nf3 e6 3. d4 cxd4 4.
Nxd4 Nc6 5. Nc3 Nf6 6. Ndb5 Bc5 7. Nd6+ Ke7 8. Bf4 e5 9. Nf5+ Kf8 10. Bg5 Bb4 11. Bc4 d5 12. Bxf6 gxf6 13. Bxd5 Bxf5 14. exf5 Nd4 15. Be4 Rc8 16. O-O Bxc3 17. bxc3 Rxc3 18. Rb1 b6 19. a4 h5 20. a5 h4 21. axb6 axb6 22. Ra1 h3 23. g3 Ke7 24. Qg4 Qd6 25.
Ra7+ Rc7 26. Rfa1 Rc8 27. Qxh3 Rxa7 28. Rxa7+ Rc7 29. Ra8 Qb4 30. Kg2 Qe1 31. Qg4 Nxc2 32. Qf3 Qc1 33. h4 Ne1+ 0-1

[Event "Early-Titled-Tuesday-Blitz-March-19-2024"]
[Site "Chess.com"]
[Date "2024.03.19"]
[Round "11"]
[White "MaxLeto"]
[Black "VladimirBugayev"]
[Result "1-0"]
[WhiteElo "2500"]
[BlackElo "2347"]
[TimeControl "180+1"]
[EndTime "10:05:28 PDT"]
[Termination "MaxLeto won on time"]

1. a3 g6 2. b3 Bg7 3. c3 a5 4. d3 e5 5. e3 d5 6. f3 Ne7 7. g3 c5 8. h3 Nbc6 9. Bb2 O-O 10. Bg2 b5 11. Ne2 Be6 12. Nd2 a4 13.
b4 c4 14. d4 f6 15. Qc2 Bf5 16. e4 exd4 17. cxd4 Be6 18. O-O-O Bh6 19. Kb1 f5 20. e5 Be3 21. f4 Bxd2 22. Qxd2 Rc8 23. Nc3 Qb6 24.
Qf2 Ra8 25. Ka2 Qb7 26. Bf3 Rfd8 27. g4 Rf8 28. g5 Rfd8 29. h4 Kf8 30. h5 Ke8 31.
hxg6 hxg6 32. Rh7 Kd7 33. Rdh1 Rac8 34. Rg7 Kc7 35. Rh6 Rg8 36. Rhxg6 Rxg7 37. Rxg7 Rh8 38. Nxd5+ Bxd5 39. Bxd5 Kb6 40. Bxc6 Qxc6 41. d5+ 1-0

[Event "Early-Titled-Tuesday-Blitz-March-19-2024"]
[Site "Chess.com"]
[Date "2024.03.19"]
[Round "11"]
[White "emeli_chess"]
[Black "Mikhail_Bryakin"]
[Result "0-1"]
[WhiteElo "2421"]
[BlackElo "2704"]
[TimeControl "180+1"]
[EndTime "10:05:34 PDT"]
[Termination "Mikhail_Bryakin won on time"]

1. d4 e5 2. dxe5 Nc6 3. Nf3 Qe7 4. Bg5 Qb4+ 5. Bd2 Qxb2 6. Nc3 Bb4 7. Rb1 Qa3 8. Rb3 Qa5 9. e4 d6 10. exd6 Be6 11. Nd5 Bxd2+ 12. Qxd2 Bxd5 13. exd5 Qxd2+ 14. Nxd2 Na5 15. Re3+ Kd7 16. dxc7 Nf6 17. c4 Rhe8 18. Nb3 Nxb3 19. axb3 Kxc7 20. Bd3 Rxe3+ 21. fxe3 Re8 22. Kd2 Ng4 23. e4 Kd6 24. Ra1 a6 25. b4 Ke5 26.
Kc3 Nxh2 27. Rh1 Ng4 28. Rxh7 Rg8 29. Rh1 Ne3 30. c5 Nxg2 31. d6 Nf4 32. Bc4 Rf8 33.
Rd1 f6 34. d7 Rd8 35. b5 axb5 36. Bxb5 g5 37. c6 bxc6 38. Bxc6 g4 39. Kc4 g3 40.
Kc5 g2 41. Kb6 Ne2 42. Kc7 Rh8 43. Re1 Nd4 44. d8=Q Rxd8 45. Kxd8 Nf3 46. Rc1 g1=Q 47. Rxg1 Nxg1 48. Ke7 Nf3 49. Kf7 Nd4 50. Bb7 Ne2 51.
Kg6 Nf4+ 52. Kh6 Ne6 53. Kh5 Nc5 54. Ba8 Nxe4 55. Kg4 f5+ 56. Kf3 Nf6 57. Kf2 Kf4 58. Bb7 Ng4+ 59. Kg2 Ne3+ 60. Kf2 Nc4 61. Kg2 Ke3 62.
Bc6 Nd2 63. Bb7 Ne4 0-1

[Event "Early-Titled-Tuesday-Blitz-March-19-2024"]
[Site "Chess.com"]
[Date "2024.03.19"]
[Round "11"]
[White "Navyblue1"]
[Black "GrotBchess"]
[Result "0-1"]
[WhiteElo "2214"]
[BlackElo "2409"]
[TimeControl "180+1"]
[EndTime "10:05:34 PDT"]
[Termination "GrotBchess won by resignation"]

1. d4 Nf6 2. c4 g6 3. Nc3 d5 4. Nf3 Bg7 5. Qb3 dxc4 6. Qxc4 Be6 7. Qb5+ Bd7 8. Qxb7 Nc6 9. Qb3 Rb8 10. Qd1 O-O 11. e3 Bf5 12. a3 e5 13. dxe5 Qxd1+ 14. Nxd1 Ng4 15. Be2 Ngxe5 16. O-O Rfd8 17. Nc3 Nd3 18. Bxd3 Bxd3 19. Re1 Na5 20. Nd2 Bc2 21. Ra2 Nb3 22. Nxb3 Rxb3 23. Ne2 Rd1 24. Rxd1 Bxd1 25. Kf1 Bc2 26.
f3 Rd3 27. Kf2 Rd1 28. b4 Bd3 29. Bd2 Bc4 30. Rc2 Bb3 31. Nc3 Bxc2 32. Nxd1 Bxd1 33.
e4 Bb2 34. a4 Bxa4 35. Be3 a6 36. Bc5 f6 37. f4 Kf7 38. Kf3 Ke6 39. g4 Bc3 40. Ke3 a5 41. bxa5 Bxa5 42. Bd4 Bb6 43. f5+ Kf7 44. h4 Bxd4+ 45. Kxd4 Bd1 46. g5 gxf5 47.
exf5 Bc2 48. Kc5 Bxf5 49. gxf6 Kxf6 50. Kc6 Kg6 51. Kxc7 Kh5 52. Kd6 Kxh4 53. Ke5 Kg5 54. Kd4 Kf4 55. Kc3 h5 56. Kd2 Kg3 57. Ke1 Kg2 58. Ke2 h4 59. Ke3 h3 0-1

[Event "Early-Titled-Tuesday-Blitz-March-19-2024"]
[Site "Chess.com"]
[Date "2024.03.19"]
[Round "11"]
[White "Misterfox120"]
[Black "Lady_Nika"]
[Result "0-1"]
[WhiteElo "2428"]
[BlackElo "2562"]
[TimeControl "180+1"]
[EndTime "10:05:35 PDT"]
[Termination "Lady_Nika won by resignation"]

1. d4 d5 2. Nf3 e6 3. Bf4 Bd6 4. e3 Bxf4 5. exf4 Qd6 6. Qc1 c5 7.
c3 a6 8. Bd3 cxd4 9. Nxd4 Nc6 10. Qe3 Nge7 11. O-O O-O 12. Nd2 Ng6 13. f5 Nge5 14.
fxe6 Bxe6 15. N2f3 Ng4 16. Qd2 Nxd4 17. cxd4 h6 18.
Rac1 Rfd8 19. Rfe1 Rac8 20. h3 Nf6 21. Ne5 Rxc1 22.
Rxc1 Ne4 23. Qc2 f6 24. Nf3 Rc8 25. Qb1 Rxc1+ 26. Qxc1 Qb4 27. Qc2 f5 28. a3 Qa5 29.
Kh2 Qd8 30. Ne5 Qg5 31. g3 Qd8 32. f3 Nd6 33. f4 Qb6 34. Qc5 Qxb2+ 35. Kg1 Ne4 36.
Bxe4 dxe4 37. d5 Qb1+ 38. Kh2 Qa2+ 39. Kh1 Bxd5 40. Qe7 e3+ 0-1